 Dungeon Crawl Stone Soup version 0.29.1-2-gbd0b4ee654 (webtiles) character file.

Game seed: 15300946457122521040

119 Firos the Changer (level 5, -5/33 HPs)
             Began as an Octopode Transmuter on Nov 8, 2022.
             Killed from afar by Natasha (7 damage)
             ... with a magic dart
             ... on level 3 of the Dungeon.
             The game lasted 00:04:35 (3000 turns).

Firos the Changer (Octopode Transmuter)             Turns: 3000, Time: 00:04:35

Health: -5/33      AC:  2    Str:  9    XL:     5   Next: 3%
Magic:  6/9        EV: 19    Int: 18    God:
Gold:   121        SH:  0    Dex: 17    Spells: 0/10 levels left

rFire   . . .      SeeInvis .     - Unarmed
rCold   . . .      Faith    .   (shield currently unavailable)
rNeg    . . .      Spirit   .   (helmet currently unavailable)
rPois   x          Reflect  .   (no amulet)
rElec   .          Harm     .   (no ring)
rCorr   .          Rampage  .   (no ring)
Will    .....                   (no ring)
Stlth   ++........              (no ring)
HPRegen 0.11/turn               (no ring)
MPRegen 0.11/turn               (no ring)
                                (no ring)
                                (no ring)

@: spider-form, invisible
A: venomous fangs, almost no armour, (amphibious), 8 rings, tiny, (camouflage
1), (gelatinous body 1), (nimble swimmer 1), (tentacles)
a: End Transformation


You were on level 3 of the Dungeon.
You were a venomous arachnid creature.
You visited 1 branch of the dungeon, and saw 3 of its levels.

You collected 121 gold pieces.

Inventory:

Missiles
 i - 2 throwing nets
Jewellery
 h - an amulet of the acrobat
Scrolls
 c - a scroll of summoning {unknown}
 f - a scroll of teleportation
Potions
 a - 2 potions of lignification
 b - a potion of attraction
 d - 2 potions of brilliance
 g - a potion of degeneration {unknown}
 j - a potion of haste {unknown}
 k - a potion of flight {unknown}
 l - 2 potions of resistance
 m - a potion of mutation {unknown}


   Skills:
 - Level 1.0 Fighting
 - Level 2.0 Dodging
 - Level 3.0 Unarmed Combat
 + Level 3.0 Spellcasting
 * Level 4.2 Transmutations


You couldn't memorise any spells.
You knew the following spells:

 Your Spells              Type           Power      Damage    Failure   Level
a - Beastly Appendage     Tmut           36%        N/A       10%         1
b - Wereblood             Tmut           18%        N/A       13%         2
c - Spider Form           Tmut/Pois      10%        N/A       41%         3
d - Ice Form              Ice/Tmut       10%        N/A       77%         4

Your spell library contained the following spells:

 Spells                   Type           Power      Damage    Failure   Level
 Dispersal                Tloc           1%         N/A       100%        6
 Disjunction              Tloc           1%         N/A       100%        8


Dungeon Overview and Level Annotations

Branches:
Dungeon (3/15)

Altars:
Ashenzari
Okawaru
Qazlal

Annotations:
D:3 Natasha, Sigmund


Innate Abilities, Weirdness & Mutations

You are a venomous arachnid creature.
You have poisonous fangs.
You are tiny and dextrous.
Your spellcasting is less reliable in this form.
Your armour is entirely melded.
You are incapable of wielding weapons or throwing items.
You cannot wear most types of armour.
((You are amphibious.))
You can wear up to eight rings at the same time.
((Your skin changes colour to match your surroundings (Stealth+).))
((Your rubbery body absorbs attacks. (AC +1, EV +1)))
((You are camouflaged when in or above water. (Stealth+)))
((You have tentacles for arms and can constrict up to eight enemies at once.))


Message History

An endoplasm is nearby!
An endoplasm is nearby!
The endoplasm quivers.
Sorry, you're not good enough to have a special ability.
You hit the endoplasm.
The endoplasm is lightly wounded.
The endoplasm barely misses you.
You smack the endoplasm!
You kill the endoplasm!
You start resting.
Your transformation is almost over.
Sigmund is nearby!
You cannot move.
You feel less wooden.
Found a broken altar of Ashenzari.
You start resting.
Magic restored.
You start resting.
Natasha, Servant of Life and Death comes into view.
Found a potion of resistance.
You see here a silvery potion.
k - a silvery potion Natasha hisses angrily.
Casting: Spider Form (quite dangerous; 21% risk of failure)
Confirm with . or Enter, or press ? or * to list all spells.
Okay, then.
You fade into invisibility!
Casting: Spider Form (quite dangerous; 21% risk of failure)
Confirm with . or Enter, or press ? or * to list all spells.
The spell is quite dangerous to miscast (21% risk of failure)!
Continue anyway?
You turn into a venomous arachnid creature.
Natasha completely misses you.
You barely miss Natasha. Natasha closely misses you.
You hit Natasha but do no damage. Natasha casts a spell at you.
The magic dart hits you!
* * * LOW HITPOINT WARNING * * *
You closely miss Natasha.
Natasha stares at you and mumbles some strange words.
The magic dart hits you!
You die...

###.#.##.#.#
......#....#.#
......######.#
.............#
............##
.....###.#.## h#
###_#####.#..# ..
#!....###h##.# ..#
.........s##.## ...
...#########..######
#..# ##......# ....
######)###8..8
#....g... ###.@....
#.......>...
#..."....##.
#........##.


You could see Natasha.

Vanquished Creatures
  Natasha (twice) (D:3)
  An adder (D:2)
  3 worms (D:2)
  A dart slug (D:2)
  An orc (D:3)
  8 endoplasms
  3 giant cockroaches
  4 hobgoblins
  6 kobolds
  A quokka (D:2)
  2 ball pythons (D:2)
  3 bats
  5 frilled lizards
  6 goblins
  3 rats
49 creatures vanquished.

Notes
Turn   | Place    | Note
-------+----------+-------------------------------------------
     0 | D:1      | Firos the Octopode Transmuter began the quest for the Orb.
     0 | D:1      | Reached XP level 1. HP: 13/13 MP: 3/3
     2 | D:1      | Noticed a naga
     4 | D:1      | Noticed a felid
     4 | D:1      | Noticed a tengu
     6 | D:1      | Noticed a demonspawn
     6 | D:1      | Noticed a vampire
     8 | D:1      | Noticed an ogre
     8 | D:1      | Noticed a vine stalker
    10 | D:1      | Noticed an octopode
    10 | D:1      | Noticed a meteoran
    12 | D:1      | Noticed a troll
    12 | D:1      | Noticed a formicid
    14 | D:1      | Noticed a demigod
    14 | D:1      | Noticed a ghoul
    16 | D:1      | Noticed a merfolk
    16 | D:1      | Noticed a human
    18 | D:1      | Noticed a palentonga
    20 | D:1      | Noticed a minotaur
    22 | D:1      | Noticed a gargoyle
    22 | D:1      | Noticed a spriggan
    24 | D:1      | Noticed a ghoul
    24 | D:1      | Noticed a draconian
    26 | D:1      | Noticed a meteoran
    26 | D:1      | Noticed a naga
   462 | D:1      | Reached XP level 2. HP: 18/18 MP: 5/5
   465 | D:1      | Learned a level 2 spell: Wereblood
   719 | D:1      | Found a faded altar of an unknown god.
   833 | D:2      | Reached skill level 3 in Transmutations
  1120 | D:2      | Reached XP level 3. HP: 13/23 MP: 6/6
  1993 | D:2      | Learned a level 3 spell: Spider Form
  2238 | D:2      | Reached XP level 4. HP: 27/28 MP: 6/8
  2389 | D:3      | Noticed Sigmund
  2681 | D:3      | Noticed Natasha
  2690 | D:3      | Killed Natasha
  2770 | D:3      | Found an iron altar of Okawaru.
  2773 | D:3      | Reached skill level 4 in Transmutations
  2905 | D:3      | Found a stormy altar of Qazlal.
  2907 | D:3      | Noticed Natasha
  2922 | D:3      | HP: 2/42 [Natasha (1)]
  2923 | D:3      | Killed Natasha
  2924 | D:3      | Reached XP level 5. HP: 3/33 MP: 4/9
  2929 | D:3      | Learned a level 4 spell: Ice Form
  2964 | D:3      | Found a broken altar of Ashenzari.
  2980 | D:3      | Noticed Natasha
  3000 | D:3      | Killed from afar by Natasha

Illustrated notes

Levels and vault maps discovered:
D:1:      kb_arrival_jail, layout_loops_ring,
          dreamdust_ecumenical_altar_hidden_monk_grotto
D:2:      layout_basic
D:3:      layout_basic, fedhas_altar_fruit_tree, okawaru_altar_gauntlet_db,
          minitemple, cheibrodos_ashenzari_chains, hangedman_decor_points,
          uniq_natasha, uniq_sigmund, uniq_terence

Skill      XL: |  1  2  3  4 |
---------------+-------------+-----
Transmutations | 3 4 |  4.2
Spellcasting   | 3 |  3.0
Fighting       | |  1.0
Dodging        | |  2.0
Unarmed Combat | |  3.0

Action                   |  1- 3 |  4- 6 || total
-------------------------+-------+-------++-------
Melee: Unarmed           |    87 |    29 ||   116
       Tentacles         |    10 |     2 ||    12
       Constrict         |    14 |     1 ||    15
       Kick              |     8 |       ||     8
       Punch             |     4 |       ||     4
 Cast: Beastly Appendage |     3 |       ||     3
       Spider Form       |     1 |     4 ||     5
  Use: Scroll            |     5 |     3 ||     8
       Potion            |       |     2 ||     2
 Stab: Sleeping          |    13 |       ||    13
Armor: Skin              |     7 |     1 ||     8
Dodge: Dodged            |    51 |    16 ||    67
